Map: Ice and Chrome LE

Players

Astrea

  • Race: Protoss Protoss
  • League: Master
  • Spawn Location: 7:00

Scarlett - Winner!

  • Race: Zerg Zerg
  • Spawn Location: 1:00

Event: DreamHack SC2 Masters 2020 Fall

VOD

Have the link to the VOD?

Description

Time

  • Played on: Sept. 13, 2020, 7:52 p.m.
  • Length: 35:28

All games in this series

Show
View Real Time Build Order
Export as new Build Order

Astrea Protoss 

Build Orders: 1 Gate Expand, Oracle Opening, Carriers 

Get SALT Encoding   

  12  0:00  Probe  
  13  0:12  Probe  
  14  0:20  Pylon  
  14  0:24  Probe  
  15  0:38  Probe (Chrono Boost)  
  16  0:44  Gateway  
  16  0:47  Probe (Chrono Boost)  
  17  0:51  Assimilator  
  17  0:52  Probe (Chrono Boost)  
  18  1:04  Probe  
  19  1:16  Probe  
  20  1:23  Unknown  
  20  1:26  Nexus  
  20  1:37  Cybernetics Core  
  20  1:40  Probe  
  20  1:45  Assimilator  
  21  1:52  Probe  
  22  1:56  Pylon  
  22  2:04  Probe  
  23  2:12  Adept (Chrono Boost), Probe  
  25  2:20  Stargate, Probe  
  27  2:30  Warp Gate, Probe  
  27  2:33  Adept (Chrono Boost)  
  30  2:38  Probe  
  30  2:42  Probe  
  32  2:50  Probe  
  33  2:54  Probe  
  34  3:02  Gateway, Probe  
  34  3:03  Oracle (Chrono Boost)  
  35  3:08  Probe  
  39  3:14  Probe  
  42  3:21  Probe  
  42  3:23  Pylon  
  41  3:27  Void Ray (Chrono Boost), Probe  
  43  3:37  Pylon  
  43  3:40  Gateway  
  46  3:41  Probe x2  
  48  3:50  Adept x2  
  48  3:54  Probe x2  
  54  3:59  Twilight Council  
  54  4:01  Assimilator  
  54  4:06  Probe x2  
  56  4:18  Probe x2  
  56  4:22  Pylon  
  58  4:28  Adept  
  58  4:30  Resonating Glaives (Chrono Boost), Probe  
  61  4:35  Nexus  
  61  4:36  Pylon  
  61  4:43  Probe x2  
  63  4:47  Adept  
  63  4:48  Adept x2  
  69  4:54  Pylon  
  69  4:55  Probe x2  
  71  5:00  Assimilator  
  71  5:08  Probe x2  
  71  5:10  Pylon  
  73  5:15  Adept x3  
  79  5:24  Probe x2  
  81  5:30  Robotics Facility  
  81  5:32  Forge  
  81  5:36  Probe (Chrono Boost)  
  81  5:37  Shield Battery, Probe (Chrono Boost)  
  81  5:39  Sentry x3  
  89  5:48  Probe (Chrono Boost)  
  92  5:53  Probe (Chrono Boost)  
  92  5:54  Probe (Chrono Boost)  
  92  5:56  Probe (Chrono Boost)  
  91  6:00  Probe x2 (Chrono Boost)  
  91  6:03  Sentry x2, Protoss Ground Weapons Level 1 (Chrono Boost)  
  96  6:05  Assimilator  
  96  6:06  Assimilator, Probe (Chrono Boost)  
  96  6:08  Twilight Council  
  98  6:11  Probe (Chrono Boost)  
  98  6:12  Probe (Chrono Boost)  
  98  6:16  Probe (Chrono Boost)  
  98  6:17  Probe x2 (Chrono Boost)  
  99  6:25  Blink, Probe  
  99  6:26  Probe x2  
  99  6:28  Immortal (Chrono Boost)  
  100  6:38  Probe x2  
  100  6:41  Gateway  
  100  6:42  Stalker x3  
  100  6:43  Gateway  
  100  6:44  Gateway  
  100  6:45  Gateway  
  106  7:00  Gateway  
  106  7:03  Pylon  
  106  7:04  Pylon  
  106  7:15  Robotics Bay  
  106  7:16  Robotics Facility  
  106  7:17  Photon Cannon  
  106  7:20  Immortal  
  106  7:21  Pylon  
  110  7:28  Stalker x3  
  116  7:33  Pylon  
  116  7:40  Stalker x4  
  120  7:52  Stalker x3  
  122  8:02  Disruptor x2 (Chrono Boost)  
  122  8:06  Stalker x5  
  122  8:10  Pylon  
  122  8:11  Pylon  
  138  8:17  Shield Battery  
  138  8:18  Shield Battery  
  138  8:19  Pylon  
  138  8:22  Stalker  
  140  8:27  Pylon  
  140  8:30  Nexus  
  140  8:31  Disruptor  
  140  8:34  Warp Prism  
  146  8:40  Stalker x4  
  142  9:05  Stalker x8  
  145  9:15  Disruptor (Chrono Boost)  
  143  9:27  Pylon  
  143  9:29  Disruptor (Chrono Boost)  
  143  9:36  Stalker x6  
  155  9:39  Probe x3  
  155  9:43  Photon Cannon  
  155  9:44  Shield Battery  
  155  9:45  Observer (Chrono Boost)  
  159  9:50  Probe  
  159  9:51  Probe x2  
  162  9:57  Probe  
  155  10:01  Stalker x5  
  155  10:03  Probe x2  
  153  10:08  Disruptor  
  153  10:09  Stalker  
  153  10:10  Protoss Ground Weapons Level 2 (Chrono Boost)  
  153  10:13  Probe  
  154  10:21  Assimilator  
  154  10:22  Assimilator  
  154  10:24  Charge (Chrono Boost)  
  154  10:29  Probe x4  
  154  10:31  Disruptor (Chrono Boost)  
  161  10:42  Dark Shrine  
  161  10:47  Stalker x2  
  161  10:48  Zealot x6  
  177  11:03  Nexus  
  177  11:06  Observer (Chrono Boost)  
  177  11:11  Gateway  
  178  11:13  Gateway  
  178  11:14  Pylon  
  175  11:22  Stalker x5  
  175  11:23  Stalker x3  
  155  11:47  Zealot x5  
  155  11:51  Probe x3  
  164  11:59  Shadow Stride (Chrono Boost)  
  164  12:01  Pylon  
  154  12:02  Pylon  
  154  12:07  Cybernetics Core  
  140  12:19  Dark Templar x7  
  154  12:23  Disruptor (Chrono Boost)  
  154  12:28  Probe x5  
  165  12:30  Disruptor (Chrono Boost), Photon Cannon  
  165  12:31  Photon Cannon  
  165  12:33  Pylon  
  165  12:34  Protoss Ground Weapons Level 3 (Chrono Boost)  
  165  12:40  Probe  
  166  12:51  Stalker x3  
  166  12:52  Stalker x3  
  166  12:55  Probe x5  
  170  13:11  Disruptor x2  
  168  13:38  Dark Templar  
  168  13:39  Zealot x7  
  172  14:00  Gateway  
  172  14:01  Dark Templar x6  
  172  14:02  Dark Templar  
  186  14:04  Gateway  
  186  14:05  Gateway  
  186  14:06  Gateway x2  
  179  14:11  Disruptor x2  
  173  14:24  Assimilator  
  173  14:26  Assimilator  
  159  14:32  Gateway  
  159  14:33  Gateway  
  159  14:35  Gateway  
  159  14:37  Gateway  
  149  14:43  Dark Templar x7  
  149  14:44  Zealot  
  163  14:53  Gateway  
  163  14:55  Gateway  
  163  14:56  Disruptor x2  
  163  14:57  Gateway  
  163  14:58  Shield Battery x2  
  169  15:04  Shield Battery  
  167  15:12  Nexus  
  167  15:17  Pylon  
  167  15:20  Pylon  
  167  15:21  Protoss Shields Level 1 (Chrono Boost)  
  167  15:22  Assimilator  
  167  15:25  Zealot x12  
  167  15:27  Assimilator  
  191  15:39  Photon Cannon  
  191  15:40  Photon Cannon  
  191  15:42  Disruptor (Chrono Boost)  
  197  15:43  Photon Cannon  
  197  15:45  Shield Battery  
  197  15:54  Gravitic Drive (Chrono Boost)  
  197  15:55  Observer (Chrono Boost)  
  193  16:26  Fleet Beacon  
  193  16:27  Protoss Air Weapons Level 1 (Chrono Boost)  
  193  16:29  Stargate  
  193  16:30  Stargate  
  193  16:32  Stargate  
  191  16:35  Stargate  
  190  16:44  Gravitic Boosters  
  190  16:51  Observer  
  190  16:52  Observer  
  178  17:18  Protoss Shields Level 2  
  178  17:19  Carrier x2 (Chrono Boost)  
  196  17:32  Observer (Chrono Boost)  
  196  17:36  Carrier (Chrono Boost)  
  194  17:45  Carrier (Chrono Boost)  
  200  18:02  Nexus  
  193  18:45  Observer (Chrono Boost), Carrier (Chrono Boost)  
  192  19:25  Assimilator  
  192  19:28  Carrier x2 (Chrono Boost)  
  192  19:30  Assimilator  
  198  19:32  Pylon  
  195  19:39  Protoss Air Weapons Level 2 (Chrono Boost)  
  195  19:46  Observer  
  195  19:53  Photon Cannon  
  195  19:55  Shield Battery, Photon Cannon x3  
  195  19:56  Photon Cannon  
  195  19:57  Photon Cannon  
  195  19:58  Photon Cannon  
  195  19:59  Shield Battery  
  195  20:00  Photon Cannon  
  195  20:01  Photon Cannon  
  195  20:02  Shield Battery  
  195  20:03  Shield Battery  
  195  20:06  Shield Battery  
  195  20:07  Pylon  
  195  20:11  Pylon  
  195  20:12  Observer  
  195  20:21  Observer  
  198  20:29  Carrier (Chrono Boost)  
  184  20:42  Carrier x2 (Chrono Boost)  
  196  20:45  Carrier (Chrono Boost)  
  196  20:49  Templar Archives  
  178  20:52  Carrier (Chrono Boost)  
  178  20:54  Protoss Shields Level 3 (Chrono Boost)  
  178  20:58  Zealot x11  
  196  21:41  Psionic Storm  
  196  21:44  Carrier (Chrono Boost)  
  190  21:57  Warp Prism (Chrono Boost)  
  192  22:02  High Templar x4  
  180  22:27  Carrier x4 (Chrono Boost)  
  192  22:53  Protoss Air Weapons Level 3 (Chrono Boost)  
  192  23:05  High Templar x3  
  192  23:15  Unknown  
  192  23:37  Warp Prism  
  194  23:48  Nexus  
  194  24:04  Oracle x2  
  197  24:30  Archon x2  
  195  24:34  Void Ray x3  
  195  24:35  Void Ray  
  168  24:42  Stalker x10  
  168  24:43  Stalker x6  
  152  24:59  Disruptor (Chrono Boost)  
  131  25:03  Pylon  
  135  25:07  Assimilator  
  135  25:09  Assimilator  
  135  25:10  Disruptor (Chrono Boost), Zealot x6, Dark Templar x3  
  135  25:11  Zealot x7  
  167  25:25  Observer (Chrono Boost)  
  168  25:35  Zealot x8  
  179  25:36  Zealot x5, Observer  
  194  25:59  Disruptor x2  
  200  26:07  Nexus  
  200  26:10  High Templar x2  
  200  26:16  Observer  
  197  26:34  Nexus  
  197  26:36  Pylon  
  184  27:05  Zealot x9  
  180  27:22  Observer (Chrono Boost)  
  172  27:29  Observer (Chrono Boost)  
  172  27:36  Photon Cannon  
  168  27:37  Photon Cannon  
  168  27:39  Photon Cannon  
  168  27:40  Photon Cannon  
  168  27:42  Shield Battery, Photon Cannon  
  168  27:44  Shield Battery  
  168  27:45  Shield Battery, High Templar  
  168  27:46  High Templar  
  168  27:47  Shield Battery  
  168  27:49  Pylon  
  168  28:05  Assimilator x2  
  152  28:15  High Templar  
  150  28:30  Zealot x8  
  150  28:31  Zealot x7  
  145  28:56  Observer  
  145  28:59  Dark Templar x16  
  178  29:06  Nexus  
  170  29:22  Disruptor x2  
  167  29:24  Nexus  
  167  29:29  Oracle x2 (Chrono Boost)  
  166  29:35  Zealot x4  
  166  29:36  Zealot x6  
  190  29:57  Protoss Air Armor Level 1 (Chrono Boost)  
  190  29:58  Disruptor x2  
  196  30:05  Pylon  
  180  30:48  Zealot x10  
  122  31:11  Zealot x12  
  105  31:12  Zealot x4  
  105  31:17  Disruptor (Chrono Boost)  
  137  31:22  Disruptor (Chrono Boost), Protoss Ground Armor Level 1 (Chrono Boost)  
  137  31:33  High Templar x4  
  137  31:34  Zealot x10  
  137  31:35  Zealot x2  
  169  31:50  Observer (Chrono Boost)  
  169  31:55  Observer (Chrono Boost), Protoss Air Armor Level 2 (Chrono Boost)  
  145  32:08  Zealot x9  
  145  32:09  Zealot x7  
  129  32:35  Dark Templar x2  
  129  32:36  Dark Templar x14  
  149  33:03  Archon  
  142  33:08  Zealot x11  
  142  33:09  Zealot x3  
  126  33:16  Archon  
  126  33:19  Stalker x2  
  101  33:30  Dark Templar x5  
  101  33:31  Dark Templar x2  
  98  34:03  Nexus  
  79  34:56  Dark Templar x5  
  81  35:07  Zealot  
Show
View Real Time Build Order
Export as new Build Order

Scarlett Zerg - Winner!

Build Orders: Hatch First, Lurkers, Roach Hydra 

Get SALT Encoding   

  12  0:00  Drone  
  13  0:12  Overlord  
  13  0:16  Drone  
  14  0:30  Drone x2  
  16  0:45  Drone  
  16  0:46  Drone  
  18  0:54  Hatchery  
  17  0:57  Drone  
  17  1:00  Extractor  
  17  1:12  Spawning Pool  
  17  1:15  Drone  
  17  1:18  Drone  
  18  1:28  Drone  
  19  1:39  Drone  
  20  1:50  Overlord  
  20  1:58  Queen  
  22  2:03  Metabolic Boost  
  22  2:05  Queen  
  22  2:06  Zergling x2  
  22  2:08  Zergling x2  
  26  2:13  Drone  
  27  2:19  Drone  
  28  2:23  Drone  
  29  2:32  Drone x2  
  31  2:40  Hatchery  
  31  2:41  Drone  
  31  2:48  Overlord  
  31  2:51  Drone  
  32  2:54  Queen  
  34  3:01  Drone x2  
  36  3:10  Drone x5  
  41  3:17  Overlord  
  41  3:20  Queen  
  41  3:25  Drone  
  44  3:31  Drone, Spore Crawler  
  44  3:36  Queen  
  44  3:37  Spore Crawler  
  44  3:39  Drone  
  46  3:44  Drone x2  
  46  3:47  Drone  
  46  3:48  Drone  
  50  3:54  Spore Crawler  
  49  3:58  Overlord  
  49  3:59  Overlord  
  49  4:01  Zergling x4  
  51  4:04  Drone x2  
  53  4:10  Overlord  
  52  4:18  Drone x5  
  52  4:22  Drone x4  
  62  4:24  Drone  
  62  4:27  Overlord  
  61  4:31  Drone  
  61  4:35  Roach Warren  
  61  4:37  Queen  
  63  4:41  Drone x2  
  65  4:47  Drone x3  
  65  4:50  Drone x3, Extractor  
  65  4:51  Extractor  
  69  4:54  Evolution Chamber  
  69  4:55  Drone x2  
  69  4:56  Drone x2  
  72  5:00  Lair  
  72  5:03  Overlord  
  72  5:06  Extractor  
  71  5:09  Overlord  
  71  5:10  Overlord  
  71  5:17  Overlord x4  
  71  5:20  Zerg Missile Weapons Level 1  
  71  5:26  Roach x3  
  77  5:29  Roach x2  
  77  5:32  Roach x2  
  85  5:36  Roach x2  
  85  5:41  Roach x3  
  95  5:43  Roach  
  95  5:49  Roach x3  
  102  5:56  Roach x2  
  105  5:58  Roach  
  103  6:07  Drone x8  
  103  6:11  Extractor  
  110  6:14  Glial Reconstitution  
  109  6:18  Drone  
  109  6:19  Drone x4  
  111  6:27  Drone x4  
  115  6:33  Drone x4  
  115  6:37  Hydralisk Den  
  115  6:38  Drone x2, Extractor  
  119  6:43  Drone  
  119  6:46  Overlord  
  120  6:51  Hatchery  
  119  6:54  Infestation Pit  
  119  6:59  Queen  
  120  7:07  Nydus Network  
  120  7:08  Zergling x2  
  120  7:09  Zergling x2  
  120  7:11  Overseer  
  120  7:13  Overlord x2  
  120  7:14  Overlord  
  121  7:17  Hydralisk  
  121  7:18  Hydralisk x2  
  121  7:19  Muscular Augments  
  127  7:28  Zerg Missile Weapons Level 2  
  127  7:30  Pneumatized Carapace  
  125  7:49  Drone x12  
  125  7:50  Drone  
  138  8:01  Hydralisk x9  
  156  8:12  Hydralisk x4  
  156  8:14  Extractor  
  163  8:22  Overlord x4  
  163  8:31  Grooved Spines, Extractor, Hydralisk x2  
  167  8:34  Zergling x4  
  168  8:45  Roach x9  
  186  8:51  Roach x5  
  178  9:08  Roach x12  
  180  9:16  Overlord x2  
  168  9:18  Overseer x2  
  168  9:22  Roach x8  
  182  9:31  Roach x5  
  192  9:34  Overlord  
  192  9:45  Hive  
  192  9:53  Nydus Canal  
  192  9:55  Roach  
  192  9:56  Roach x5  
  192  10:05  Lurker Den  
  171  10:10  Overlord x2  
  171  10:11  Overlord  
  171  10:13  Hydralisk x9  
  171  10:19  Evolution Chamber  
  171  10:20  Hatchery  
  169  10:31  Zergling x2  
  169  10:34  Ravager x4  
  169  10:35  Zergling x28  
  181  10:36  Zergling x6  
  191  10:44  Overlord  
  189  10:56  Zerg Ground Armor Level 1, Zerg Missile Weapons Level 3  
  189  10:57  Viper  
  189  10:59  Overlord x2  
  191  11:05  Seismic Spines  
  191  11:15  Extractor  
  191  11:16  Spine Crawler  
  191  11:17  Spine Crawler  
  191  11:18  Extractor, Spore Crawler  
  186  11:22  Viper x2  
  191  11:32  Roach x10  
  135  11:50  Hydralisk x7  
  133  12:03  Adaptive Talons  
  123  12:08  Hatchery  
  123  12:11  Hydralisk x5  
  128  12:16  Hatchery  
  128  12:17  Drone  
  128  12:20  Queen  
  130  12:27  Lurker x4  
  130  12:28  Lurker x2  
  136  12:30  Overlord  
  136  12:34  Drone x3  
  136  12:36  Drone  
  136  12:37  Drone x4  
  144  12:41  Drone x4  
  144  12:44  Hydralisk  
  150  12:53  Hydralisk x4  
  150  12:55  Overseer  
  134  13:13  Viper x3  
  134  13:16  Drone x11  
  152  13:20  Queen  
  150  13:32  Overseer  
  145  13:38  Hydralisk x6  
  155  13:48  Hydralisk  
  155  13:49  Hydralisk x4  
  156  14:05  Hydralisk x7  
  166  14:17  Overseer  
  166  14:19  Lurker Den  
  161  14:31  Lair  
  151  14:39  Hatchery  
  151  14:40  Drone x3, Hatchery  
  151  14:41  Drone x3  
  154  14:52  Spine Crawler  
  154  14:57  Drone x2  
  154  14:59  Drone  
  156  15:00  Spine Crawler  
  156  15:01  Spine Crawler  
  156  15:03  Spore Crawler  
  153  15:10  Drone  
  153  15:11  Drone x5  
  159  15:15  Drone x2  
  159  15:16  Drone  
  159  15:17  Lurker  
  159  15:18  Lurker x6  
  169  15:35  Drone  
  170  15:37  Zerg Melee Weapons Level 1  
  170  15:39  Evolution Chamber  
  169  15:43  Lurker x2  
  165  15:59  Hydralisk  
  165  16:00  Lurker x5, Hydralisk x7  
  184  16:36  Hatchery  
  183  16:40  Drone  
  183  16:41  Drone  
  183  16:42  Drone x3, Spire  
  183  16:43  Drone x4  
  183  16:44  Drone  
  183  16:45  Spire  
  183  16:46  Zergling x8  
  195  16:47  Zerg Ground Armor Level 2  
  195  16:48  Overlord  
  195  16:50  Overseer x3  
  188  17:17  Overlord  
  188  17:24  Extractor  
  188  17:27  Extractor  
  186  17:40  Drone x5  
  186  17:41  Drone  
  192  17:47  Overseer  
  192  17:48  Overlord  
  192  17:52  Lurker  
  192  17:57  Zerg Flyer Armor Level 1, Spine Crawler x2, Zerg Flyer Weapons Level 1  
  191  18:00  Spine Crawler, Corruptor x5, Spore Crawler  
  199  18:17  Corruptor x2  
  193  18:45  Spine Crawler  
  193  18:46  Spine Crawler  
  189  18:49  Hydralisk x5  
  197  19:03  Lurker x3  
  199  19:14  Spine Crawler  
  199  19:17  Drone, Spine Crawler, Spore Crawler  
  197  19:18  Zerg Melee Weapons Level 2, Spine Crawler  
  197  19:20  Spine Crawler  
  190  19:46  Drone x2, Zergling x2, Extractor, Baneling Nest, Hatchery  
  190  19:47  Zergling x12  
  190  19:48  Extractor  
  195  19:53  Zerg Flyer Weapons Level 2, Zerg Flyer Armor Level 2  
  195  19:57  Spine Crawler  
  195  19:58  Spine Crawler  
  195  19:59  Corruptor x3, Spore Crawler  
  184  20:45  Spine Crawler  
  184  20:46  Spine Crawler  
  182  20:53  Drone x13  
  182  20:56  Corruptor x2  
  199  21:00  Spine Crawler  
  199  21:02  Spine Crawler, Spore Crawler  
  196  21:06  Spore Crawler x2  
  194  21:14  Corruptor x3  
  194  21:17  Spore Crawler x2  
  194  21:18  Spore Crawler  
  197  21:19  Spore Crawler  
  197  21:21  Zergling x2  
  197  21:25  Corruptor  
  199  21:39  Corruptor  
  196  21:56  Spore Crawler  
  196  21:57  Corruptor  
  196  21:58  Corruptor  
  196  21:59  Spore Crawler  
  198  22:05  Spore Crawler  
  198  22:06  Spore Crawler x2  
  198  22:07  Spore Crawler  
  194  22:09  Spore Crawler x2  
  194  22:10  Spore Crawler  
  194  22:14  Corruptor x5  
  196  22:30  Corruptor x2  
  200  22:43  Spore Crawler  
  199  22:44  Spore Crawler  
  199  22:45  Spore Crawler  
  199  22:49  Corruptor  
  199  22:54  Overlord x2, Overseer x3  
  199  22:56  Hive  
  195  23:21  Corruptor x2  
  195  23:26  Corruptor  
  199  23:43  Spore Crawler  
  199  23:44  Spore Crawler x2  
  199  23:45  Spore Crawler  
  199  23:46  Spore Crawler x2  
  184  23:59  Pathogen Glands  
  184  24:01  Burrow  
  175  24:18  Corruptor x8  
  185  24:37  Corruptor  
  185  24:38  Corruptor x4  
  163  24:39  Corruptor x7  
  163  24:43  Hydralisk x6  
  185  24:49  Hydralisk x3  
  173  24:54  Hydralisk x3  
  173  24:55  Neural Parasite  
  173  24:57  Lurker x5  
  182  25:01  Zerg Flyer Weapons Level 3, Viper x5  
  197  25:19  Queen  
  199  25:56  Greater Spire  
  199  26:17  Spine Crawler  
  199  26:18  Spine Crawler x2  
  197  26:19  Spine Crawler  
  197  26:20  Spine Crawler  
  197  26:24  Zergling x12  
  200  26:37  Drone x4  
  197  26:47  Lurker x5  
  180  27:20  Lurker  
  180  27:21  Lurker x3  
  184  27:26  Spine Crawler x2  
  184  27:27  Hydralisk x4, Spine Crawler  
  184  27:28  Hydralisk x5  
  199  27:30  Zergling x2, Centrifical Hooks  
  199  27:33  Zerg Ground Armor Level 3, Zerg Melee Weapons Level 3  
  200  27:38  Zerg Flyer Armor Level 3  
  200  27:41  Spine Crawler  
  199  27:44  Spine Crawler  
  198  28:01  Spine Crawler  
  170  28:34  Hydralisk x4  
  170  28:35  Zergling x14  
  170  28:40  Lurker  
  170  28:41  Lurker  
  175  28:59  Hydralisk x9  
  175  29:00  Drone  
  175  29:01  Drone x5  
  198  29:19  Spore Crawler x2  
  198  29:20  Spore Crawler  
  194  29:29  Lurker  
  194  29:30  Lurker x4  
  194  29:31  Overseer  
  198  29:35  Queen  
  199  29:42  Lurker x4  
  200  29:47  Hatchery  
  199  29:55  Overseer  
  199  29:56  Overlord x2, Overseer x2  
  197  30:18  Zergling x4  
  197  30:19  Zergling x8  
  185  30:56  Hatchery  
  184  31:01  Hydralisk x12  
  172  31:23  Zergling x18  
  172  31:24  Hydralisk x3, Zergling x16  
  195  31:27  Lurker x5  
  200  31:43  Baneling x15  
  198  32:09  Zergling x10  
  192  32:30  Baneling x14  
  191  32:40  Drone x9  
  200  32:51  Overseer x4  
  191  33:06  Hydralisk x4  
  195  33:16  Viper x2  
  181  33:20  Overseer x4  
  181  33:21  Zergling x22  
  181  33:22  Zergling x22  
  200  33:30  Extractor  
  200  33:31  Extractor  
  198  33:38  Lurker  
  199  34:03  Lurker  
  199  34:06  Hydralisk x8  
  200  34:12  Hatchery  
  200  34:13  Spine Crawler  
  198  34:20  Hatchery  
  197  34:48  Lurker x2  
  199  34:56  Hatchery  
  199  34:57  Lurker  

Tags
 
Add a new tag
Caveats
  • Supply blocks, unpowered buildings, or Contaminate may cause inaccurate times.
  • Supply counts are checked every 10 seconds.